 Dungeon Crawl Stone Soup version 0.30-a0-1016-gfb0d676c02 (webtiles) character file.

Game seed: 15005416400861386576

28 cheesebisquit the Firebug (level 2, 0/20 HPs)
             Began as a Draconian Fire Elementalist on Apr 6, 2023.
             Succumbed to an adder's poison
             ... on level 2 of the Dungeon.
             The game lasted 00:03:09 (1131 turns).

cheesebisquit the Firebug (DrFE)                    Turns: 1131, Time: 00:03:10

Health: 0/20       AC:  4    Str:  8 (10) XL:     2   Next: 96%
Magic:  2/5        EV: 12    Int: 12 (15) God:
Gold:   75         SH:  0    Dex:  9 (11) Spells: 4/5 levels left

rFire   + . .      SeeInvis .    h - +0 whip
rCold   + . .      Faith    .    (no shield)
rNeg    + . .      Spirit   .    (body armour unavailable)
rPois   +          Reflect  .    (helmet restricted)
rElec   +          Rampage  .    (no cloak)
rCorr   +                        (no gloves)
Will    .....                    (no boots)
Stlth   ++                       (no amulet)
HPRegen 0.23/turn                b - ring of positive energy
MPRegen 0.09/turn                (no ring)

@: lethally poisoned (0 -> -1), resistant
A: AC +4, unfitting armour, cold-blooded
a: no special abilities


You were on level 2 of the Dungeon.
You visited 1 branch of the dungeon, and saw 2 of its levels.

You collected 75 gold pieces.

Inventory:

Hand Weapons
 h - a +0 whip (weapon)
Magical Staves
 i - a staff of conjuration
Jewellery
 b - a ring of positive energy (left hand)
Scrolls
 c - a scroll of amnesia
 d - 2 scrolls of identify
Potions
 a - a potion of magic


   Skills:
 - Level 1.7 Dodging
 - Level 1.7 Stealth
 + Level 2.4 Spellcasting
 - Level 1.0 Conjurations
 * Level 3.8 Fire Magic


You had 4 spell levels left.
You knew the following spells:

 Your Spells              Type           Power      Damage    Failure   Level
a - Foxfire               Conj/Fire      28%        2x1d5     10%         1

Your spell library contained the following spells:

 Spells                   Type           Power      Damage    Failure   Level
 Scorch                   Fire           20%        2d5       9%          2
 Magic Dart               Conj           12%        1d3       17%         1
 Searing Ray              Conj           6%         2d4       26%         2
 Inner Flame              Hex/Fire       6%         N/A       34%         3
 Volatile Blastmotes      Fire/Tloc      12%        2d11      34%         3
 Flame Wave               Conj/Fire      7%         2d5       67%         4
 Fulminant Prism          Conj/Hex       1%         3d5       91%         4
 Yara's Violent Unravell  Hex/Tmut       0%         3d3       100%        5
 Enfeeble                 Hex            0%         N/A       100%        7


Dungeon Overview and Level Annotations

Branches:
Dungeon (2/15)

Altars:


Innate Abilities, Weirdness & Mutations

Your plain brown scales are hard. (AC +4)
You cannot fit into any form of body armour.
You are cold-blooded and may be slowed by cold attacks.


Message History

You conjure some foxfire!
You feel sick. The adder bites you.
* * * LOW HITPOINT WARNING * * *
You are lethally poisoned!
The adder poisons you!
* * * LOW HITPOINT WARNING * * *
You feel sick.
The foxfire hits the adder.
You kill the adder!
Okay, then.
There is a lethal amount of poison in your body!
Casting: Foxfire (safe; 8% risk of failure)
Press: ? - help, Q - select action Dir - look around, f - activate
Okay, then.
It was a potion of resistance.
You feel protected.
* * * LOW HITPOINT WARNING * * *
You feel sick.
Your magical contamination has completely faded away.
It was a potion of degeneration.
There was something very wrong with that liquid.
You feel weakened.
You feel dopey.
You feel clumsy.
* * * LOW HITPOINT WARNING * * *
You feel sick.
Your foxfire dissipates!
Okay, then.
As you read the scroll labelled NIUNTU KIBOZ, it crumbles to dust.
It is a scroll of identify.
c - a scroll of amnesia
* * * LOW HITPOINT WARNING * * *
You feel sick.
As you read the scroll labelled ELUNUL HIUPH, it crumbles to dust.
You feel strangely unstable.
It was a scroll of teleportation.
* * * LOW HITPOINT WARNING * * *
You feel sick.
* * * LOW HITPOINT WARNING * * *
You feel sick.
Your surroundings suddenly seem different.
A hobgoblin comes into view.
Found a viscous ruby potion and a scroll of identify.
Found a stone staircase leading down.
You die...

.
########.#
#........#
#......?.#
#..g......
#........#
#.@......>
#...!.....
#########.


You could see a hobgoblin (asleep).

Vanquished Creatures
  An adder (D:2)
  3 dart slugs (D:1)
  3 ball pythons
  3 bats (D:1)
  An endoplasm (D:1)
  2 frilled lizards (D:1)
  2 rats (D:1)
15 creatures vanquished.

Vanquished Creatures (others)
  40 foxfires
40 creatures vanquished.

Grand Total: 55 creatures vanquished

Notes
Turn   | Place    | Note
-------+----------+-------------------------------------------
     0 | D:1      | cheesebisquit the Draconian Fire Elementalist began the
                  | quest for the Orb.
     0 | D:1      | Reached XP level 1. HP: 14/14 MP: 3/3
   428 | D:1      | Reached XP level 2. HP: 8/20 MP: 0/5
  1066 | D:2      | Found a faded altar of an unknown god.
  1130 | D:2      | HP: 1/20 [poisoned by an adder]
  1131 | D:2      | Succumbed to an adder's poison

Illustrated notes

Levels and vault maps discovered:
D:1:      dpeg_arrival_oval, layout_basic
D:2:      layout_basic, dreamdust_ecumenical_altar_angels_and_demons,
          st_stairs_8, fountainhead

Action                     || total
---------------------------++-------
  Melee: Unarmed           ||     5
         Tailslap          ||     1
         Whip              ||     1
   Cast: Foxfire           ||    22
    Use: Scroll            ||     2
         Potion            ||     2
 Armour: Skin              ||     3
  Dodge: Dodged            ||     4

Table legend: (Time is in decaauts)
 A = Elapsed time spent in this place.
 B = Non-inter-level travel time spent in this place.
 C = Inter-level travel time spent in this place.
 D = Time resting spent in this place.
 E = Time spent auto-exploring this place.
 F = Levels seen in this place.
 G = Mean time per level.
                   A        B        C        D        E       F      G
               +--------+--------+--------+--------+--------+-----+--------+
         Total |   1129 |   1017 |    112 |      0 |    908 |   2 |  564.5 |
       Dungeon |   1129 |   1017 |    112 |      0 |    908 |   2 |  564.5 |
               +--------+--------+--------+--------+--------+-----+--------+

Top non-repeatable levels by time:
     D:1: 999 daAuts
     D:2: 130 daAuts
